 Dungeon Crawl Stone Soup version 0.23-a0-181-g24f899a (webtiles) character file.

109 iamserjio the Skirmisher (level 4, -1/36 HPs)
             Began as a Demonspawn Wanderer on Sept 19, 2018.
             Slain by a worm (10 damage)
             ... on level 3 of the Dungeon.
             The game lasted 00:06:02 (2870 turns).

iamserjio the Skirmisher (Demonspawn Wanderer)      Turns: 2870, Time: 00:06:02

Health: -1/36      AC:  5    Str: 15    XL:     4   Next: 59%
Magic:  5/5        EV: 11    Int: 11    God:
Gold:   99         SH:  0    Dex: 13    Spells: 5/5 levels left

rFire    . . .     SeeInvis .   m - -1 hand axe (curse)
rCold    . . .     Gourm    .   (no shield)
rNeg     . . .     Faith    .   d - +0 robe
rPois    .         Spirit   .   (no helmet)
rElec    .         Reflect  .   (no cloak)
rCorr    .         Harm     .   h - +0 pair of gloves
MR       .....                  (no boots)
Stlth    ++........             (no amulet)
HPRegen  0.12/turn              (no ring)
MPRegen  0.09/turn              (no ring)

@: no status effects
A: icy blue scales 1, powered by death 1
a: no special abilities


You were on level 3 of the Dungeon.
You were not hungry.

You visited 1 branch of the dungeon, and saw 3 of its levels.

You collected 99 gold pieces.

Inventory:

Hand Weapons
 a - a +2 hand crossbow
 j - a +0 trident
 m - a cursed -1 hand axe (weapon)
Missiles
 b - 33 bolts
Armour
 d - a +0 robe (worn)
 h - a +0 pair of gloves (worn)
Potions
 e - a potion of invisibility
Comestibles
 c - 3 chunks of flesh
 f - 6 rations


   Skills:
 + Level 3.6 Fighting
 * Level 1.8 Axes
 - Level 2.6 Crossbows
 - Level 1.0 Stealth
   Level 1.0 Shields
 - Level 1.0 Spellcasting
   Level 1.7 Fire Magic
   Level 2.0 Poison Magic


You had 5 spell levels left.
You didn't know any spells.
Your spell library contained the following spells:

 Spells                   Type           Power        Failure   Level  Hunger
 Flame Tongue             Conj/Fire      #....        22%         1    ##.....
 Ignite Poison            Fire/Tmut/Pois #.......     50%         3    ####...


Dungeon Overview and Level Annotations

Branches:
Dungeon (3/15)

Altars:
Cheibriados
Trog
Yredelemnul


Innate Abilities, Weirdness & Mutations

You are partially covered in icy blue scales. (AC +2)
You regenerate a little health from kills.


Message History

You hit the worm. The worm bites you.
You barely miss the worm. You barely miss the worm. The worm bites you.
You hit the worm. The worm bites you but does no damage.
You hit the worm. The worm bites you.
You hit the worm but do no damage. You barely miss the worm.
The worm closely misses you.
You hit the worm. The worm closely misses you.
You hit the worm but do no damage. You hit the worm. The worm bites you!
You barely miss the worm. The worm closely misses you.
You hit the worm. The worm bites you.
You hit the worm. You hit the worm. The worm bites you.
You barely miss the worm. The worm bites you.
* * * LOW HITPOINT WARNING * * *
You barely miss the worm. The worm barely misses you.
You barely miss the worm. You barely miss the worm. The worm bites you!
You die...

... #.# ... #.# ###.##
#.# # ##..... #.#
#.#...... #####.#
#.#...... #.!...####
#....._.. #
..#.w...#####.#......
#..#_#@.#.. ....#......
#...#..##.# ##..##.....
#......##.#####.####.##
#...##.%...............
##.# ####.#####.#......
#. #.# #.#.#.#.# #
######.#####..>....#
................#>###
#################.#


You could see a worm.

Vanquished Creatures
  3 adders
  3 worms
  2 dart slugs (D:2)
  An orc (D:3)
  A ball python (D:1)
  11 bats
  A giant cockroach (D:2)
  8 goblins
  9 hobgoblins
  5 jackals (D:2)
  A quokka (D:2)
  2 frilled lizards
  10 kobolds
  10 rats
67 creatures vanquished.

Notes
Turn   | Place    | Note
-------+----------+-------------------------------------------
     0 | D:1      | iamserjio the Demonspawn Wanderer began the quest for the
                  | Orb.
     0 | D:1      | iamserjio set off with: a +2 hand crossbow, 25 bolts, a +0
                  | robe, a ration
     0 | D:1      | Reached XP level 1. HP: 13/13 MP: 2/2
    19 | D:1      | Reached skill level 1 in Fighting
    70 | D:1      | Gained mutation: You are partially covered in icy blue
                  | scales. (AC +2) [demonic ancestry]
    70 | D:1      | Reached XP level 2. HP: 22/22 MP: 3/3
    86 | D:1      | Reached skill level 2 in Fighting
   496 | D:1      | Gained mutation: You regenerate a little health from kills.
                  | [demonic ancestry]
   496 | D:1      | Reached XP level 3. HP: 28/28 MP: 4/4
   810 | D:2      | Reached skill level 3 in Fighting
  1727 | D:2      | Reached skill level 1 in Axes
  1727 | D:2      | Reached XP level 4. HP: 31/35 MP: 5/5
  1920 | D:2      | Found a snail-covered altar of Cheibriados.
  2330 | D:3      | Noticed a moth of wrath
  2333 | D:3      | Found a bloodstained altar of Trog.
  2809 | D:3      | Found a basalt altar of Yredelemnul.
  2835 | D:3      | Found a faded altar of an unknown god.
  2870 | D:3      | Slain by a worm

Vault maps used:
D:1:      shiori_shiawase, serial_curves, eino_curves_03, eino_curves_02
D:2:      kennysheep_slug_shrine, first_ration, kennysheep_generic_room_5
D:3:      old_standard_altar, tgw_trog, chequers_ecumenical_altar_simple

Skill      XL: |  1  2  3 |
---------------+----------+-----
Fighting       | 1 2 3 |  3.6
Axes           | 1 |  1.8
Crossbows      | |  2.6
Stealth        | |  1.0
Shields        | |  1.0
Spellcasting   | |  1.0
Fire Magic     | |  1.7
Poison Magic   | |  2.0

Action                   |  1- 3 |  4- 6 || total
-------------------------+-------+-------++-------
Melee: Hand axe          |    59 |   113 ||   172
 Fire: Hand crossbow     |    73 |       ||    73
  Use: Potion            |     6 |       ||     6
       Scroll            |     2 |     1 ||     3
 Stab: Sleeping          |     2 |     1 ||     3
       Invisible         |     1 |       ||     1
  Eat: Chunk             |     2 |     4 ||     6
Armor: Robe              |    19 |    32 ||    51
       Skin              |    23 |       ||    23
Dodge: Dodged            |    48 |    57 ||   105

Table legend:
 A = Non-vault XP
 B = Vault XP
 C = Vault XP percentage of total XP
 D = Non-vault monster count
 E = Vault monster count
 F = Vault count percentage of total count
                 A         B        C        D         E       F
            +---------+---------+-------+---------+---------+-------
      Total |     134 |      22 |  14.1 |      60 |       7 |  10.4
            +---------+---------+-------+---------+---------+-------
        D:1 |      42 |       0 |   0.0 |      26 |       0 |   0.0
        D:2 |      69 |      15 |  17.9 |      29 |       4 |  12.1
        D:3 |      23 |       7 |  23.3 |       5 |       3 |  37.5
            +---------+---------+-------+---------+---------+-------
